 Dungeon Crawl Stone Soup version 0.25-a0-1136-gc1285e62ab (webtiles) character file.

Game seed: 846868491313835143, levelgen mode: deterministic

737 P0NYSLAYSTATION the Cudgeler (level 7, 0/61 HPs)
             Began as a Minotaur Monk on May 23, 2020.
             Slain by a troll (7 damage)
             ... on level 7 of the Dungeon.
             The game lasted 00:08:29 (2492 turns).

P0NYSLAYSTATION the Cudgeler (Minotaur Monk)        Turns: 2492, Time: 00:08:29

Health: 0/61       AC:  8    Str: 18    XL:     7   Next: 46%
Magic:  6/6        EV: 13    Int:  7    God:
Gold:   163        SH:  0    Dex: 18    Spells: 6/6 levels left

rFire    . . .     SeeInvis .   a - +0 mace
rCold    . . .     Gourm    .   (no shield)
rNeg     . . .     Faith    .   x - +0 scale mail
rPois    .         Spirit   .   (helmet restricted)
rElec    .         Reflect  .   (no cloak)
rCorr    .         Harm     .   (no gloves)
MR       .....                  n - +0 pair of boots
Stlth    +.........             (no amulet)
HPRegen  0.20/turn              f - +6 ring of dexterity
MPRegen  0.10/turn              (no ring)

@: no status effects
A: retaliatory headbutt, horns 2
a: no special abilities


You were on level 7 of the Dungeon.
You were not hungry.

You visited 2 branches of the dungeon, and saw 8 of its levels.

You collected 163 gold pieces.

Inventory:

Hand Weapons
 a - a +0 mace (weapon)
 g - a +2 short sword of draining
Missiles
 u - 3 boomerangs (quivered)
Armour
 b - a +0 robe
 i - a +0 scale mail
 n - a +0 pair of boots (worn)
 x - a +0 scale mail (worn)
Jewellery
 f - a +6 ring of dexterity (left hand)
Wands
 s - a wand of digging (8)
 w - a wand of clouds (6)
Scrolls
 d - a scroll of enchant weapon {unknown}
 e - 2 scrolls of remove curse
 h - a scroll of amnesia {unknown}
 j - a scroll of magic mapping {unknown}
 k - a scroll of immolation {unknown}
 o - a scroll of random uselessness {unknown}
 p - 3 scrolls of teleportation {unknown}
 q - 2 scrolls of identify {unknown}
Potions
 l - a potion of experience {unknown}
 m - a potion of curing {unknown}
 r - a potion of magic {unknown}
 v - a potion of stabbing {unknown}
 z - 3 potions of berserk rage {unknown}
 A - a potion of cancellation {unknown}
Comestibles
 c - 4 rations
 t - 7 chunks of flesh


   Skills:
 + Level 5.4 Fighting
 + Level 6.2 Maces & Flails
 * Level 5.6 Armour
 + Level 4.9 Dodging
 + Level 2.2 Stealth


You had 6 spell levels left.
You didn't know any spells.
Your spell library was empty.

Dungeon Overview and Level Annotations

Branches:
Dungeon (7/15)             Temple (1/1) D:4

Altars:
Cheibriados
Dithmenos
Fedhas
Gozag
Makhleb
Nemelex Xobeh
Okawaru
Qazlal
Ru
Sif Muna
Trog
Uskayaw
Vehumet
Wu Jian
Xom


Innate Abilities, Weirdness & Mutations

You reflexively headbutt those who attack you in melee.
You have a pair of horns on your head.


Message History

The hound zombie barely misses you.
The troll shouts!
You sock the hound zombie! Your headbutt misses the hound zombie.
The hound zombie is heavily damaged.
You hear a croak.
The hound zombie bites you.
A hippogriff comes into view.
Found 18 stones.
There is an open door here.
The troll barely misses you. You furiously retaliate!
You headbutt the troll! The troll claws you!
The troll claws you but does no damage.
A bullfrog comes into view.
The hound zombie bites you but does no damage.
The troll bites you! The troll claws you! The troll claws you.
* * * LOW HITPOINT WARNING * * *
You see here a howler monkey skeleton.
The troll bites you!
* * * LOW HITPOINT WARNING * * *
The troll claws you!
You die...

#( [.# +8. =.+ #.8 H:. 8.8
Wr ..###F### #'##
...#)#...# ...#
...#.###.##8.8####
#..+.T.FZ5!W...'..
#..#@###W##8.8###.
#..#...#(# ...# ##.
######..###'#####+##
#..##..................
#.##...................
####[#....................
#.........................
#........÷........÷..###..
#............<.......# .


You could see a troll, a phantom, a bullfrog, a crimson imp and a hound zombie.

Vanquished Creatures
  Sigmund (D:2)
  A sky beast (D:7)
  2 bullfrogs (D:7)
  A howler monkey (D:7)
  A hound (D:5)
  A gnoll shaman (D:5)
  An orc priest (D:4)
  2 orc wizards
  2 iguanas (D:7)
  A worker ant (D:4)
  A howler monkey skeleton (D:4)
  4 gnolls (D:5)
  An adder (D:2)
  An ooze (D:1)
  A worm (D:4)
  A dart slug (D:2)
  2 leopard geckos
  5 orcs
  A giant cockroach (D:1)
  2 hobgoblins
  A kobold (D:1)
  2 bats (D:1)
  5 frilled lizards
  3 goblins
  A jackal skeleton (D:4)
  A leopard gecko skeleton (D:4)
  A quokka skeleton (D:5)
  4 rats
50 creatures vanquished.

Vanquished Creatures (others)
  An orc wizard (D:4)
1 creature vanquished.

Grand Total: 51 creatures vanquished

Notes
Turn   | Place    | Note
-------+----------+-------------------------------------------
     0 | D:1      | P0NYSLAYSTATION the Minotaur Monk began the quest for the
                  | Orb.
     0 | D:1      | Reached XP level 1. HP: 19/19 MP: 0/0
   373 | D:1      | Reached XP level 2. HP: 27/27 MP: 1/1
   382 | D:1      | Reached skill level 4 in Maces & Flails
   545 | D:2      | Noticed Sigmund
   597 | D:2      | Killed Sigmund
   597 | D:2      | Reached skill level 5 in Maces & Flails
   597 | D:2      | Reached XP level 3. HP: 29/34 MP: 2/2
   597 | D:2      | Reached XP level 4. HP: 35/41 MP: 3/3
   597 | D:2      | Reached XP level 5. HP: 40/47 MP: 4/4
   758 | D:2      | Found a blossoming altar of Fedhas.
  1005 | D:4      | Found a snail-covered altar of Cheibriados.
  1288 | D:4      | Found a staircase to the Ecumenical Temple.
  1311 | Temple   | Entered the Ecumenical Temple
  1480 | D:4      | Reached skill level 5 in Fighting
  1480 | D:4      | Reached XP level 6. HP: 26/56 MP: 5/5
  1789 | D:5      | Entered Level 5 of the Dungeon
  2161 | D:7      | Noticed a sky beast
  2177 | D:7      | Killed a sky beast
  2177 | D:7      | Reached skill level 6 in Maces & Flails
  2177 | D:7      | Reached XP level 7. HP: 16/61 MP: 6/6
  2412 | D:7      | Reached skill level 5 in Armour
  2485 | D:7      | Noticed a troll
  2485 | D:7      | Noticed a hungry ghost
  2486 | D:7      | Noticed a hippogriff
  2492 | D:7      | Slain by a troll

Illustrated notes

Levels and vault maps discovered:
D:1:      psy_arrival_terrarium, layout_loops_ring
D:2:      layout_basic, fedhas_altar_fruit_tree, uniq_sigmund
D:3:      minmay_angry_zag, layout_loops_ring, chequers_garden
D:4:      layout_loops_ring, cheibriados_altar_1,
          minmay_temple_entry_butterflies, first_ration, uniq_robin,
          uniq_natasha
D:5:      layout_basic, corexii_shack, serial_bayou_crossing
D:6:      layout_layer_cave, grunt_temple_overflow_holy_war, serial_shops,
          nicolae_shop_temple_entry_statues_fountains, hex_medium,
          lemuel_oklob_altar
D:7:      minmay_the_grid_square_5x5_3x3 [minmay_the_grid_square_5x5_spiral,
          minmay_the_grid_square_5x5_z, minmay_the_grid_square_5x5_bracketed,
          minmay_the_grid_square_5x5_n,
          minmay_the_grid_square_5x5_megaprize_open,
          minmay_the_grid_square_5x5_checkered_statues,
          minmay_the_grid_square_5x5_detours,
          minmay_the_grid_square_5x5_fancy_junction,
          minmay_the_grid_square_5x5_forky], layout_rooms,
          nicolae_zen_rock_garden, corexii_mini_fake_secret_closet, the_bakery,
          nicolae_gozag_seed_capital
Temple:   nicolae_temple_great_sept

Skill      XL: |  1  2  3  4  5  6  7 |
---------------+----------------------+-----
Maces & Flails | 5 6 |  6.2
Fighting       | 4 5 |  5.4
Armour         | 2 4 5 |  5.6
Dodging        | 4 |  4.9
Stealth        | 2 |  2.2

Action                   |  1- 3 |  4- 6 |  7- 9 || total
-------------------------+-------+-------+-------++-------
Melee: Mace              |    28 |   133 |    15 ||   176
       Headbutt          |     2 |    16 |     6 ||    24
  Use: Scroll            |       |     2 |       ||     2
 Stab: Sleeping          |     1 |       |       ||     1
  Eat: Chunk             |       |     1 |     1 ||     2
       Ration            |       |     1 |       ||     1
Armor: Robe              |     5 |       |       ||     5
       Scale mail        |     2 |    62 |     4 ||    68
Dodge: Dodged            |    20 |    74 |    14 ||   108

Table legend:
 A = Non-vault XP
 B = Vault XP
 C = Vault XP percentage of total XP
 D = Non-vault monster count
 E = Vault monster count
 F = Vault count percentage of total count
                 A         B        C        D         E       F
            +---------+---------+-------+---------+---------+-------
      Total |     780 |     274 |  26.0 |      49 |       2 |   3.9
            +---------+---------+-------+---------+---------+-------
        D:1 |      20 |       0 |   0.0 |      10 |       0 |   0.0
        D:2 |      24 |     223 |  90.3 |       8 |       1 |  11.1
        D:3 |      45 |       0 |   0.0 |       4 |       0 |   0.0
        D:4 |     148 |       0 |   0.0 |      12 |       0 |   0.0
        D:5 |     152 |       0 |   0.0 |       9 |       0 |   0.0
        D:6 |       3 |       0 |   0.0 |       1 |       0 |   0.0
        D:7 |     388 |      51 |  11.6 |       5 |       1 |  16.7
            +---------+---------+-------+---------+---------+-------
